 Dungeon Sprint DCSS version 0.27-a0-550-ge92ec0ca06 (webtiles) character file.

Game seed: 1278974167870974735

19677 mhtbhm the Severer (level 12, -17/125 HPs)
             Began as a Minotaur Fighter on Mar 7, 2021.
             Was the Champion of Trog.
             Demolished by a vampire knight
             ... wielding a +0 war axe
              (23 damage)
             ... while paralysed by a vampire knight
             ... in the Dungeon (Sprint VII: "The Pits").
             The game lasted 00:05:24 (2765 turns).

mhtbhm the Severer (Minotaur Fighter)               Turns: 2765, Time: 00:05:25

Health: -17/125    AC: 16    Str: 25    XL:     12   Next: 38%
Magic:  11/11      EV:  2    Int:  5    God:    Trog [******]
Gold:   23         SH:  0    Dex: 11    Spells: 11/11 levels left

rFire    + . .     SeeInvis .   a - +9 broad axe "Fubix" {vorpal, *Drain rElec rF+ rC+}
rCold    + + .     Faith    .   c - +0 kite shield
rNeg     . . .     Spirit   .   b - +2 chain mail {rC+}
rPois    +         Reflect  .   (helmet restricted)
rElec    +         Harm     .   m - +0 cloak
rCorr    .         Rampage  .   q - +0 pair of gloves
Will     .....     NoTele   +   r - +0 pair of boots
Stlth    ..........             (no amulet)
HPRegen  0.30/turn              n - +3 ring of evasion
MPRegen  0.12/turn              u - ring of poison resistance

@: paralysed, corroded, mesmerised, slowed
A: horns 2, retaliatory headbutt
a: Renounce Religion, Berserk, Trog's Hand, Brothers in Arms


You were in the Dungeon.
You worshipped Trog.
Trog was exalted by your worship.
You visited 1 branch You collected 23 gold pieces.

Inventory:

Hand Weapons
 a - the +9 broad axe "Fubix" (weapon) {vorpal, *Drain rElec rF+ rC+}
   (Trog gifted it to you in the Dungeon)

   It inflicts extra damage upon your enemies.
   It protects you from fire.
   It protects you from cold.
   It insulates you from electricity.
   It causes draining when unequipped.
Missiles
 t - 4 javelins (quivered)
 z - a throwing net
Armour
 b - a +2 chain mail of cold resistance (worn)
 c - a +0 kite shield (worn)
 m - a +0 cloak (worn)
 q - a +0 pair of gloves (worn)
 r - a +0 pair of boots (worn)
Jewellery
 n - a +3 ring of evasion (left hand)
 u - a ring of poison resistance (right hand)
Scrolls
 j - 2 scrolls of blinking
 l - a scroll of summoning
 v - 2 scrolls of identify
 w - 4 scrolls of fear
 x - 4 scrolls of enchant weapon
Potions
 d - 2 potions of might
 e - 6 potions of curing
 f - 17 potions of heal wounds
 g - 4 potions of haste
 h - 4 potions of magic
 i - 4 potions of berserk rage
 k - 2 potions of invisibility
 p - 3 potions of mutation
 s - a potion of lignification {unknown}
 A - 2 potions of resistance


   Skills:
 + Level 17.2 Fighting
 + Level 20.7 Axes
 + Level 15.1 Armour
 + Level 10.1 Dodging
 + Level 1.6 Stealth
 + Level 17.4 Shields


You had 11 spell levels left.
You didn't know any spells.
Your spell library was empty.

Dungeon Overview and Level Annotations

Branches:
Dungeon (1/1)

Altars:
Ashenzari
Cheibriados
Dithmenos
Elyvilon
Fedhas
Gozag
Hepliaklqana
Kikubaaqudgha
Makhleb
Nemelex Xobeh
Okawaru
Qazlal
Ru
Sif Muna
Trog
Uskayaw
Vehumet
Wu Jian
Xom
Yredelemnul
Zin
The Shining One
Beogh
Jiyva
Lugonu


Innate Abilities, Weirdness & Mutations

You have a pair of horns on your head.
You reflexively headbutt those who attack you in melee.


Message History

You hit the merfolk avatar.
The merfolk avatar is moderately wounded.
You barely miss the brown ugly thing. You slash something!
You closely miss the guardian serpent.
You block the guardian serpent's attack.
The brown ugly thing closely misses you.
You furiously retaliate!
You headbutt the brown ugly thing, but do no damage.
Something hits you!! Something bites you.
Something draws strength from your injuries!
The guardian serpent barely misses you. You furiously retaliate!
You headbutt the guardian serpent.
The merfolk avatar chants its luring song.
Unknown command.
You feel much better.
You block the guardian serpent's attack.
The brown ugly thing trunk-slaps you but does no damage.
Something hits you!! Something bites you.
* * * LOW HITPOINT WARNING * * *
Something draws strength from your injuries!
The guardian serpent coils itself and waves its upper body at you.
You resist with some effort. The brown ugly thing barely misses you.
Your cyclops goes berserk!
The guardian serpent hits you.
* * * LOW HITPOINT WARNING * * *
You hear some strange, mumbled words.
You suddenly lose the ability to move!
The brown ugly thing trunk-slaps you but does no damage.
The guardian serpent hits you but does no damage.
The merfolk avatar chants its luring song.
Something hits you!!
* * * LOW HITPOINT WARNING * * *
Something bites you but does no damage. The guardian serpent barely misses you.
The brown ugly thing trunk-slaps you but does no damage.
The guardian serpent hits you!
* * * LOW HITPOINT WARNING * * *
The merfolk avatar chants its luring song.
Something hits you!!
You die...

##########..#....#..
........''..........
........''..........
######..##..#....#..
#..##.......... #..##..........
#..####R'####++
#..####mu####++#########
#..##.C@{..##....)......
##########..##.#S##.##...........
............##.#k} .##..#########
............## +))# ##..#
#''########## #):+ #..#
#''########## +}[# #..#
........##..# ##+# #..#
.#......##..# #..# ........''..#
#..#


You could see a merfolk avatar (mesmerising, ally target), a brown ugly thing, a
rakshasa, a guardian serpent, a rime drake and a friendly cyclops (summoned,
berserk).

Vanquished Creatures
  A storm dragon (D)
  A deep elf demonologist (D)
  A fire dragon (D)
  Erolcha (D)
  A merfolk avatar (D)
  An orc high priest (D)
  Urug (D)
  A fire crab (D)
  A sea snake (D)
  A flayed ghost (D)
  A deep troll (D)
  A spriggan druid (D)
  2 phantasmal warriors (D)
  An orc knight (D)
  A cyclops (D)
  An elephant (D)
  A molten gargoyle (D)
  An orange demon (D)
  A red devil (D)
  A demonic crawler (D)
  2 hellwings (D)
  A jumping spider (D)
  4 blink frogs (D)
  6 dream sheep (D)
  A spriggan (D)
  2 basilisks (D)
  A shadow (D)
  A ynoxinul (D)
  9 yaks (D)
  2 wyverns (D)
  A fire bat (D)
  A neqoxec (D)
  A chaos spawn (D)
  A warg (D)
  10 vampire mosquitoes (D)
  A soldier ant (D)
  8 orc warriors (D)
  A necrophage (D)
  An ogre (D)
  2 wolves (D)
  A centaur (D)
  A small abomination (D)
  A scorpion (D)
  A quasit (D)
  8 orc priests (D)
  Crazy Yiuf (D)
  An orc wizard (D)
  A hell rat (D)
  A worker ant (D)
  2 river rats (D)
  A white imp (D)
  An ooze (D)
  An adder skeleton (D)
  15 orcs (D)
  A bat (D)
  A bat skeleton (D)
  A giant cockroach (D)
  2 goblins (D)
  A kobold (D)
  A frilled lizard (D)
  A giant cockroach zombie (D)
  A leopard gecko skeleton (D)
  A leopard gecko zombie (D)
123 creatures vanquished.

Vanquished Creatures (collateral kills)
  An orc warrior (D)
  A centaur (D)
2 creatures vanquished.

Grand Total: 125 creatures vanquished

Notes
Turn   | Place    | Note
-------+----------+-------------------------------------------
     0 | D        | mhtbhm the Minotaur Fighter began the quest for the Orb.
     0 | D        | Reached XP level 1. HP: 19/19 MP: 0/0
    20 | D        | Found a bloodstained altar of Trog.
    20 | D        | Found a shimmering blue altar of Sif Muna.
    20 | D        | Found a viscous altar of Jiyva.
    20 | D        | Found a hazy altar of Hepliaklqana.
    20 | D        | Found an opulent altar of Gozag.
    21 | D        | Found a glowing golden altar of the Shining One.
    21 | D        | Found a glowing silver altar of Zin.
    21 | D        | Found a basalt altar of Yredelemnul.
    21 | D        | Found a shimmering altar of Xom.
    21 | D        | Found an ornate altar of the Wu Jian Council.
    21 | D        | Found a sacrificial altar of Ru.
    21 | D        | Found a stormy altar of Qazlal.
    21 | D        | Found an iron altar of Okawaru.
    21 | D        | Found a sparkling altar of Nemelex Xobeh.
    21 | D        | Found a burning altar of Makhleb.
    21 | D        | Found a blossoming altar of Fedhas.
    21 | D        | Found a white marble altar of Elyvilon.
    21 | D        | Found a shadowy altar of Dithmenos.
    21 | D        | Found a snail-covered altar of Cheibriados.
    23 | D        | Found a radiant altar of Vehumet.
    23 | D        | Found a corrupted altar of Lugonu.
    25 | D        | Became a worshipper of Trog the Wrathful
    60 | D        | Noticed a worker ant
    70 | D        | Killed a worker ant
    71 | D        | Reached skill level 5 in Fighting
    71 | D        | Reached skill level 3 in Axes
    71 | D        | Reached skill level 5 in Armour
    71 | D        | Reached skill level 5 in Shields
    71 | D        | Reached XP level 2. HP: 21/29 MP: 1/1
    74 | D        | Reached XP level 3. HP: 26/36 MP: 2/2
   163 | D        | Reached * piety under Trog
   383 | D        | Noticed Crazy Yiuf
   390 | D        | Killed Crazy Yiuf
   390 | D        | Reached ** piety under Trog
   391 | D        | Reached skill level 4 in Axes
   391 | D        | Reached skill level 1 in Dodging
   391 | D        | Reached XP level 4. HP: 44/44 MP: 3/3
   486 | D        | Noticed a fire bat
   487 | D        | Noticed a wolf
   494 | D        | Killed a fire bat
   494 | D        | Reached *** piety under Trog
   495 | D        | Reached skill level 6 in Axes
   495 | D        | Reached XP level 5. HP: 52/52 MP: 4/4
   499 | D        | Killed a wolf
   500 | D        | Reached skill level 7 in Axes
   500 | D        | Reached XP level 6. HP: 61/61 MP: 5/5
   500 | D        | Reached **** piety under Trog
   501 | D        | Reached skill level 8 in Axes
   541 | D        | Noticed a molten gargoyle
   551 | D        | Killed a molten gargoyle
   551 | D        | Reached ***** piety under Trog
   552 | D        | Reached skill level 10 in Axes
   552 | D        | Reached skill level 10 in Shields
   552 | D        | Reached XP level 7. HP: 43/69 MP: 6/6
   751 | D        | Received a gift from Trog
   752 | D        | Reached skill level 11 in Axes
   929 | D        | Noticed a blink frog
   929 | D        | Noticed a blink frog
   929 | D        | Noticed a blink frog
   929 | D        | Noticed Erolcha
   929 | D        | Noticed a blink frog
   933 | D        | Killed a blink frog
   934 | D        | Reached skill level 10 in Armour
   934 | D        | Reached XP level 8. HP: 79/79 MP: 7/7
   935 | D        | Reached skill level 12 in Axes
   941 | D        | Killed a blink frog
   941 | D        | Killed a blink frog
   942 | D        | Reached skill level 10 in Fighting
   942 | D        | Reached skill level 13 in Axes
   945 | D        | Received a gift from Trog
   947 | D        | Killed Erolcha
   948 | D        | Reached skill level 14 in Axes
   948 | D        | Reached skill level 5 in Dodging
   948 | D        | Reached XP level 9. HP: 83/86 MP: 8/8
   953 | D        | Reached skill level 15 in Axes
  1118 | D        | Found a hide-covered altar of Uskayaw.
  1118 | D        | Found an ancient bone altar of Kikubaaqudgha.
  1118 | D        | Found a broken altar of Ashenzari.
  1145 | D        | Noticed an elephant
  1155 | D        | Killed an elephant
  1156 | D        | Reached skill level 1 in Stealth
  1175 | D        | Noticed a jumping spider
  1175 | D        | Noticed a sea snake
  1181 | D        | Killed a sea snake
  1182 | D        | Reached skill level 16 in Axes
  1187 | D        | Killed a jumping spider
  1187 | D        | Reached ****** piety under Trog
  1243 | D        | Received a gift from Trog
  1268 | D        | Noticed Urug
  1275 | D        | Reached XP level 10. HP: 97/97 MP: 9/9
  1278 | D        | Reached skill level 17 in Axes
  1279 | D        | Killed Urug
  1317 | D        | Received a gift from Trog
  1339 | D        | Reached skill level 18 in Axes
  1344 | D        | Noticed a storm dragon
  1354 | D        | Killed a storm dragon
  1507 | D        | Noticed a fire dragon
  1513 | D        | Killed a fire dragon
  1514 | D        | Reached XP level 11. HP: 110/110 MP: 10/10
  1605 | D        | Reached skill level 19 in Axes
  1607 | D        | Received a gift from Trog
  1665 | D        | Noticed a phantasmal warrior
  1678 | D        | Killed a phantasmal warrior
  1684 | D        | Received a gift from Trog
  1856 | D        | Noticed an orc high priest
  1859 | D        | Received a gift from Trog
  1863 | D        | Reached skill level 15 in Shields
  1873 | D        | Killed an orc high priest
  1874 | D        | Reached skill level 15 in Fighting
  1878 | D        | Received a gift from Trog
  1888 | D        | Noticed a phantasmal warrior
  1897 | D        | Killed a phantasmal warrior
  1899 | D        | Received a gift from Trog
  2179 | D        | Noticed an orc knight
  2196 | D        | Killed an orc knight
  2197 | D        | Identified the +8 war axe of Earthquakes {vorpal, Str+7
                  | Int+2} (Trog gifted it to you in the Dungeon)
  2197 | D        | Received a gift from Trog
  2204 | D        | Reached skill level 20 in Axes
  2367 | D        | Noticed a fire crab
  2375 | D        | Killed a fire crab
  2444 | D        | Noticed a flayed ghost
  2444 | D        | Noticed a spriggan druid
  2444 | D        | Noticed a deep troll
  2450 | D        | Identified the +9 broad axe "Fubix" {vorpal, *Drain rElec
                  | rF+ rC+} (Trog gifted it to you in the Dungeon)
  2450 | D        | Received a gift from Trog
  2454 | D        | Reached XP level 12. HP: 108/122 MP: 11/11
  2465 | D        | Received a gift from Trog
  2473 | D        | Received a gift from Trog
  2477 | D        | Reached skill level 10 in Dodging
  2750 | D        | Noticed a vampire knight
  2750 | D        | Noticed a merfolk avatar
  2750 | D        | Noticed a rakshasa
  2750 | D        | Noticed a deep elf demonologist
  2750 | D        | Noticed a merfolk avatar
  2756 | D        | Killed a deep elf demonologist
  2756 | D        | Received a gift from Trog
  2757 | D        | Reached skill level 15 in Armour
  2757 | D        | Killed a merfolk avatar
  2763 | D        | Paralysed by something for 3 turns
  2764 | D        | HP: 5/125 [guardian serpent (8)]
  2765 | D        | Demolished by a vampire knight

Illustrated notes

Levels and vault maps discovered:
D:        pitsprint [storerooms_1, entrance_room_1, metal_vault_1, armoury_1,
          mini_pit_1, grid_room_1, main_hall_1, silver_pit, the_coven_1,
          the_vestibule_1, steel_vault_3, golden_pit, hallway_of_sentries,
          crystal_vault_2, iron_vault_3, final_vault]

Skill      XL: |  1  2  3  4  5  6  7  8  9 10 11 12 |
---------------+-------------------------------------+-----
Fighting       | 5 7 8 9 10 12 14 16 17 | 17.2
Armour         | 5 6 8 9 10 11 12 14 15 | 15.1
Shields        | 5 6 8 10 12 13 14 16 17 | 17.4
Axes           | 3 4 6 7 10 11 14 16 18 20 | 20.7
Dodging        | 1 2 3 4 5 7 9 10 | 10.1
Stealth        | 1 |  1.6

Action                   |  1- 3 |  4- 6 |  7- 9 | 10-12 || total
-------------------------+-------+-------+-------+-------++-------
Melee: Hand axe          |    36 |    26 |    16 |       ||    78
       Headbutt          |     4 |     5 |     3 |    34 ||    46
       War axe           |     2 |       |    36 |    65 ||   103
       Broad axe         |       |       |     7 |    99 ||   106
Invok: Berserk           |     1 |     2 |     3 |     5 ||    11
       Brothers in Arms  |       |       |       |     2 ||     2
  Use: Potion            |       |     1 |       |     4 ||     5
Armor: Scale mail        |     7 |       |     9 |    84 ||   100
       Plate armour      |       |    13 |     8 |       ||    21
       Chain mail        |       |       |       |    19 ||    19
Dodge: Dodged            |    15 |     3 |    20 |    86 ||   124
Block: Kite shield       |    24 |    11 |    28 |   111 ||   174

Table legend: (Time is in decaauts)
 A = Elapsed time spent in this place.
 B = Non-inter-level travel time spent in this place.
 C = Inter-level travel time spent in this place.
 D = Time resting spent in this place.
 E = Time spent auto-exploring this place.
 F = Levels seen in this place.
 G = Mean time per level.
                   A        B        C        D        E       F      G
               +--------+--------+--------+--------+--------+-----+--------+
         Total |   2816 |   2816 |      0 |   1631 |    122 |   1 | 2816.0 |
       Dungeon |   2816 |   2816 |      0 |   1631 |    122 |   1 | 2816.0 |
               +--------+--------+--------+--------+--------+-----+--------+

Top non-repeatable levels by time:
       D: 2816 daAuts
